 Dungeon Crawl Stone Soup version 0.16-a0-2145-g6af420d (webtiles) character file.

19 smajdalf the Grasshopper (level 2, 17/25 HPs)
             Began as a Ghoul Warper on Nov 13, 2014.
             Safely got out of the dungeon.
             The game lasted 00:04:02 (1112 turns).

smajdalf the Grasshopper (Ghoul Warper)             Turns: 1112, Time: 00:04:02

Health: 17/25      AC:  3    Str: 14    XL:     2   Next: 75%
Magic:  3/3        EV: 10    Int:  8    God:
Gold:   109        SH:  0    Dex:  8    Spells: 1 memorised, 3 levels left

rFire  . . .     SeeInvis .       - Unarmed
rCold  + . .     Clarity  .     b - +0 leather armour
rNeg   + + +     SustAb   .     (no shield)
rPois  +         Gourm    .     (no helmet)
rElec  .         Spirit   .     (no cloak)
rCorr  .         Warding  .     (no gloves)
rMut   .         Stasis   .     (no boots)
MR     .....                    (no amulet)
Stlth  +.........               (no ring)
                                (no ring)

@: rotting, not resistant to hostile enchantments, very unstealthy
A: rotting body, claws 1, carnivore 3, cold resistance 1, negative energy
resistance 3, poison resistance, slow healing 1, torment resistance, unbreathing
a: no special abilities


You escaped.
You were not hungry.

You visited 1 branch of the dungeon, and saw 2 of its levels.

You collected 109 gold pieces.

Inventory:

Missiles
 e - 5 tomahawks of dispersal (quivered)
Armour
 b - a +0 leather armour (worn)
Scrolls
 d - a scroll of blinking
 f - a scroll of teleportation {unknown}
 g - a scroll of identify {unknown}
 h - a scroll of magic mapping {unknown}
 i - 2 scrolls of enchant weapon {unknown}
 j - a scroll of remove curse {unknown}
Potions
 a - a potion of lignification {unknown}
 m - a potion of curing {unknown}
Books
 c - a book of Spatial Translocations

   Spells                             Type                      Level
   *Apportation                       Translocation                1
   Blink                              Translocation                2
   Shroud of Golubria                 Charms/Translocation         2
   Portal Projectile                  Translocation                3
   Teleport Other                     Translocation                3
   Passage of Golubria                Translocation                4
Comestibles
 k - a meat ration
 n - a beef jerky


   Skills:
 + Level 2.3 Fighting
 + Level 0.8 Throwing
 + Level 1.1 Armour
 + Level 1.8 Dodging
 + Level 2.5 Unarmed Combat
 + Level 1.8 Spellcasting
 + Level 3.1 Translocations


You had 3 spell levels left.
You knew the following spells:

 Your Spells              Type           Power        Failure   Level  Hunger
a - Apportation           Tloc           #.........   12%         1    ##.....


Dungeon Overview and Level Annotations

Branches:
Dungeon (2/15)

Altars:


Innate Abilities, Weirdness & Mutations

Your body is rotting away.
You thrive on raw meat.
You have sharp fingernails.
You are carnivorous and can eat meat at any time.
Your flesh is cold resistant.
You are immune to negative energy.
Your system is resistant to poisons.
You heal slowly when monsters are visible.
You are immune to unholy pain and torment.
You can survive without breathing.


Message History

A worm comes into view.
You scratch the worm.
The worm is lightly wounded.
The worm bites you.
You scratch the worm.
The worm is lightly wounded.
The worm bites you!
You scratch the worm.
The worm is moderately wounded.
There is a stone staircase leading up here.
Unknown command.
You climb upwards.
There is a stone staircase leading down here.
You see here a club.
You see here a club.
All of the chunks of flesh in your inventory have rotted away.
There is an open door here.
There is a staircase leading out of the dungeon here.
Are you sure you want to leave the Dungeon?
This will make you lose the game!
You have escaped!

#..#(...P.P.#..#
#....#
#..#.....P..#..#
######
#..#..P.....#..#
#..#.P......#..#
#'##....8...##'#
##..##########).##
#(...#......#....#
#....#......'....#
##..##########.@##
#### ####


There were no monsters in sight!

Vanquished Creatures
  4 hobgoblins (D:1)
  2 kobolds (D:1)
  A ball python (D:1)
  3 bats (D:1)
  3 giant newts (D:1)
  4 goblins (D:1)
  4 rats (D:1)
21 creatures vanquished.

Notes
Turn   | Place    | Note
--------------------------------------------------------------
     0 | D:1      | smajdalf, the Ghoul Warper, began the quest for the Orb.
     0 | D:1      | Reached XP level 1. HP: 17/17 MP: 2/2
   159 | D:1      | Reached skill level 3 in Translocations
   194 | D:1      | Reached XP level 2. HP: 24/24 MP: 3/3
   367 | D:1      | Reached skill level 1 in Armour
  1112 | D:$      | Safely got out of the dungeon.

Action                   || total
-------------------------++-------
Melee: Unarmed           ||    80
  Eat: Chunk             ||     9
